Workbook

Sheet Plan. Orçamentária (2)
A1: PREFEITURA MUNICIPAL Secretaria de Obras e Serviços Urbanos | R1: 1
R2: 2
R3: 3
A4: OBRA POR EXECUÇÃO INDIRETA | R4: 4
A5: Setor requisitante: Secretaria Municipal de Obras e Serviços Urbanos | R5: 5
A6: Objeto: | C6: Pavimentação de via em piso de concreto pré-moldado intertravado, tipo Pavi-s - Rua Artur de Araújo, bairro São José - Nova Era/MG Convênio SICONV Nº 920268/2021, Operação Nº 1079841-34 | H6: BDI: | I6: =BDI!J28 -> 0.3038 | J6: 30//08/2022 | R6: 6
R7: 7
A8: ANEXO X - PLANILHA ORÇAMENTÁRIA | R8: 8
A9: Item | B9: Preço Referência | C9: Fonte | D9: Evento | E9: Descrição | F9: Qtde. | G9: Unidade | H9: Preço unitário sem BDI | I9: Preço unitário com BDI | J9: P. Total | R9: 9
A10: 1 | B10: - | C10: - | E10: MOBILIZAÇÃO E DESMOBILIZAÇÃO | R10: 11
A11: =$A$10&"."&R1 -> 1.1 | B11: MOB-DES-020 | C11: SETOP (ABR/2022) | D11: 1 | E11: Mobilização de obra - para obras com o valor até R$1.000.000,00 a 0,5% do custo direto da obra | F11: ='Mem. Cálc. - P.O'!J18 -> 0.7 | G11: VB | H11: ='Mem. Cálc. - P.O'!H13 -> 0 | I11: =H11+H11*I6 -> 0 | J11: =F11*I11 -> 0 | R11: 12
A12: =$A$10&"."&R2 -> 1.2 | B12: MOB-DES-020 | C12: SETOP (ABR/2022) | D12: 2 | E12: Desmobilização de obra - para obras com o valor até R$1.000.000,00 a 2,0% do custo direto da obra | F12: ='Mem. Cálc. - P.O'!J23 -> 0.3 | G12: VB | H12: ='Mem. Cálc. - P.O'!H13 -> 0 | I12: =H12+H12*I6 -> 0 | J12: =F12*I12 -> 0
A13: ="TOTAL (Item "&A10&"):" -> TOTAL (Item 1): | J13: =SUM(J11:J12) -> 0 | R13: 13
A14: 2 | E14: CANTEIRO DE OBRAS | R14: 14
A15: =$A$14&"."&R1 -> 2.1 | B15: IIO-PLA-005 | C15: SETOP (ABR/2022) | D15: 11 | E15: Fornecimento e colocação de placa de obra em chapa galvanizada (3,00 x 1,50m) - em chapa galvanizada 0,26 afixadas com rebites 540 e parafusos 3/8, em estrutura metálica viga u 2" enrijecida com metalon 20 x 20, suporte em eucalipto autoclavado pintadas | F15: ='Mem. Cálc. - P.O'!J217 -> 1 | G15: UN | H15: 1224.69 | I15: =(H15+(H15*$I$6)) -> 1596.75 | J15: =F15*I15 -> 1596.75 | R15: 15
A16: =$A$14&"."&R2 -> 2.2 | B16: IIO-SAN-005 | C16: SETOP (ABR/2022) | D16: 11 | E16: Locação de banheiro químico, dimensão (110x120x230)cm, linha padrão, contendo uma (1) pia/higienizador de mãos, inclusive manutenção e mobilização/desmobilização | F16: ='Mem. Cálc. - P.O'!J221 -> 3 | G16: MÊS | H16: 800 | I16: =(H16+(H16*$I$6)) -> 1043.04 | J16: =F16*I16 -> 3129.12 | O16: =M16*N16 -> 0
A17: =$A$14&"."&R3 -> 2.3 | B17: ED-16348 | C17: SETOP (ABR/2022) | D17: 11 | E17: Locação de container com isolamento térmico, tipo 1, para escritório de obra/almoxarifado, com medidas referenciais de (6) metros de comprimentos, (2,3) metros de largura, (2,5) metros de altura útil interna, inclusive ar condicionado e ligações elétricas internas | F17: ='Mem. Cálc. - P.O'!J225 -> 3 | G17: MÊS | H17: 681.13 | I17: =(H17+(H17*$I$6)) -> 888.06 | J17: =F17*I17 -> 2664.18 | O17: =M17*N17 -> 0
A18: =$A$14&"."&R4 -> 2.4 | B18: ED-16356 | C18: SETOP (ABR/2022) | D18: 11 | E18: Ligações provisórias para container tipo 1 (correspondente ao código ED-16348) | F18: ='Mem. Cálc. - P.O'!J229 -> 1 | G18: UN | H18: 312.5 | I18: =(H18+(H18*$I$6)) -> 407.44 | J18: =F18*I18 -> 407.44 | O18: =SUM(O16:O17) -> 0
A19: =$A$14&"."&R5 -> 2.5 | B19: IIO-CON-005 | C19: SETOP (ABR/2022) | D19: 11 | E19: Mobilização e desmobilização de container, inclusive instalação e transporte com caminhão guindauto (munck) | F19: ='Mem. Cálc. - P.O'!J234 -> 1 | G19: UN | H19: 700.55 | I19: =(H19+(H19*$I$6)) -> 913.38 | J19: =F19*I19 -> 913.38
A20: ="TOTAL (Item "&A14&"):" -> TOTAL (Item 2): | J20: =SUM(J15:J19) -> 8710.87 | R20: 16
A21: 3 | B21: - | E21: ADMINISTRAÇAO LOCAL
A22: 3.1 | B22: COMP 01 | C22: COMPOSIÇÃO | D22: 3 | E22: Administração local da obra | F22: 1 | G22: UN | H22: ='C.P.U.'!H15 -> 14004.87 | I22: =(H22+(H22*$I$6)) -> 18259.55 | J22: =F22*I22 -> 18259.55
A23: ="TOTAL (Item "&A21&")" -> TOTAL (Item 3) | J23: =SUM(J22:J22) -> 18259.55
A24: 4 | B24: - | E24: SINALIZAÇÃO
A25: 4.1 | B25: RO-42193 | C25: SETOP (ABR/2022) | D25: 4 | E25: Placa de aço carbono com película refletiva grau técnico tipo I da ABNT, placa retangular (execução, incluindo fornecimento e transporte de todos os materiais, inclusive poste de sustentação) | F25: ='Mem. Cálc. - P.O'!J46 -> 1.76 | G25: M2 | H25: 452.25 | I25: =(H25+(H25*$I$6)) -> 589.64 | J25: =F25*I25 -> 1037.77
A26: 4.2 | B26: IIO-SIN-015 | C26: SETOP (ABR/2022) | D26: 4 | E26: Cone para sinalização/isolamento de áreas, altura 75 cm, inclusive fornecimento e movimentação | F26: ='Mem. Cálc. - P.O'!J57 -> 46 | G26: UN | H26: 37.85 | I26: =(H26+(H26*$I$6)) -> 49.35 | J26: =F26*I26 -> 2270.1
A27: ="TOTAL (Item "&A24&")" -> TOTAL (Item 4) | J27: =SUM(J25:J26) -> 3307.87
A28: 5 | E28: DRENAGEM PLUVIAL
A29: 5.1 | B29: 90107 | C29: SINAPI (ABR/2022) | D29: 5 | E29: Escavação mecanizada de vala, com profundidade até 3,00m, largura menor 0,8m em solos de 1ª categoria | F29: ='Mem. Cálc. - P.O'!J75 -> 134.36 | G29: M3 | H29: 6.58 | I29: =H29*1.3038 -> 8.58 | J29: =F29*I29 -> 1152.81
A30: 5.2 | B30: 90108 | C30: SINAPI (ABR/2022) | D30: 5 | E30: Escavação mecanizada de vala, com profundidade até 3,00m, largura de 0,8m a 1,5m, em solos de 1ª categoria | F30: ='Mem. Cálc. - P.O'!J79 -> 232.34 | G30: M3 | H30: 5.99 | I30: =H30*1.3038 -> 7.81 | J30: =F30*I30 -> 1814.58
A31: 5.3 | B31: 101616 | C31: SINAPI (ABR/2022) | D31: 5 | E31: Preparo do fundo de vala com largura menor que 1,5 m | F31: ='Mem. Cálc. - P.O'!J97 -> 196.96 | G31: M2 | H31: 4.93 | I31: =H31*1.3038 -> 6.43 | J31: =F31*I31 -> 1266.45
A32: 5.4 | B32: 92210 | C32: SINAPI (MAR/2022) | D32: 5 | E32: Tubo de concreto armado PA1, DN 400mm, junta rígida tipo ponta e bolsa, incluindo fornecimento, assentamento e rejuntamento | F32: ='Mem. Cálc. - P.O'!J114 -> 125.53 | G32: M | H32: 158.94 | I32: =H32*1.3038 -> 207.23 | J32: =F32*I32 -> 26013.58
A33: 5.5 | B33: 92212 | C33: SINAPI (ABR/2022) | D33: 5 | E33: Tubo de concreto armado PA1, DN 600mm, junta rígida tipo ponta e bolsa, incluindo fornecimento, assentamento e rejuntamento | F33: ='Mem. Cálc. - P.O'!J118 -> 121.2 | G33: M | H33: 285.2 | I33: =H33*1.3038 -> 371.84 | J33: =F33*I33 -> 45067.01
A34: 5.6 | B34: 96620 | C34: SINAPI (ABR/2022) | D34: 5 | E34: Berço em concreto não estrutural, preparado em obra com betoneira, Fck ≥ 15MPa, inclusive lançamento, adensamento e acabamento | F34: ='Mem. Cálc. - P.O'!J122 -> 11.64 | G34: M3 | H34: 524.57 | I34: =H34*1.3038 -> 683.93 | J34: =F34*I34 -> 7960.95
A35: 5.7 | B35: 93382 | C35: SINAPI (ABR/2022) | D35: 6 | E35: Reaterro de vala com compactação mecânica através de placa vibratória | F35: ='Mem. Cálc. - P.O'!J143 -> 297.65 | G35: M3 | H35: 26 | I35: =H35*1.3038 -> 33.9 | J35: =F35*I35 -> 10090.34
A36: 5.8 | B36: DRE-BOC-005 | C36: SETOP (ABR/2022) | D36: 6 | E36: Boca de lobo simples, dimensões internas de 85x28x100cm (comp. x larg. x alt.) em alvenaria de blocos de concreto, cheios em concreto Fck ≥ 20MPa, sobre lastro de concreto 10cm, incluindo escavação e reaterro compactado, conforme projeto. Inclusive reboco para alvenaria interna, grelha GR 95 ferro fundido, cantoneira e bota fora (Tipo A - ferro fundido) | F36: ='Mem. Cálc. - P.O'!J148 -> 13 | G36: U | H36: 2313.86 | I36: =H36*1.3038 -> 3016.81 | J36: =F36*I36 -> 39218.53
A37: 5.9 | B37: 99252 | C37: SINAPI (ABR/2022) | D37: 6 | E37: Base para caixa de passagem retangular para drenagem, em alvenaria com blocos de concreto, dimensões internas 1m x 1m, profundiade de 1,45 metros, exclui tampão | F37: ='Mem. Cálc. - P.O'!J153 -> 5 | G37: UN | H37: 2232.16 | I37: =H37*1.3038 -> 2910.29 | J37: =F37*I37 -> 14551.45
A38: 5.10 | B38: 99254 | C38: SINAPI (ABR/2022) | D38: 6 | E38: Acréscimo para poço de visita retangular para drenagem, em alvenaria com blocos de concreto, dimensões internas de 1x1 metros. | F38: ='Mem. Cálc. - P.O'!J161 -> 1.83 | G38: M | H38: 1008.95 | I38: =H38*1.3038 -> 1315.47 | J38: =F38*I38 -> 2407.31
A39: 5.11 | B39: COMP 002 | C39: COMPOSIÇÃO | D39: 6 | E39: Tampa de concreto armado para caixa de inspeção em alvenaria e=15 cm | F39: ='Mem. Cálc. - P.O'!J166 -> 9.8 | G39: M2 | H39: ='C.P.U.'!H21 -> 308.22 | I39: =H39*1.3038 -> 401.86 | J39: =F39*I39 -> 3938.23
A40: ="TOTAL (Item "&A28&"):" -> TOTAL (Item 5): | J40: =SUM(J29:J39) -> 153481.24
A41: 6 | E41: PAVIMENTAÇÃO
A42: 6.1 | B42: DEM-PIS-060 | C42: SETOP (ABR/2022) | D42: 7 | E42: Demolição manual de pavimento poliédrica, inclusive afastamento | F42: ='Mem. Cálc. - P.O'!J171 -> 2017.4 | G42: M2 | H42: 12.9 | I42: =H42*1.3038 -> 16.82 | J42: =F42*I42 -> 33932.67
A43: 6.2 | B43: TRA-CAR-010 | C43: SETOP (ABR/2022) | D43: 7 | E43: Carga de material de qualquer natureza sobre caminhão basculante, de forma mecanizada | F43: ='Mem. Cálc. - P.O'!J175 -> 403.48 | G43: M3 | H43: 2.53 | I43: =H43*1.3038 -> 3.3 | J43: =F43*I43 -> 1331.48
A44: 6.3 | B44: 97918 | C44: SINAPI (ABR/2022) | D44: 7 | E44: Transporte em caminhão basculante de 6m³, em via urbana pavimentada, DMT até 30km | F44: ='Mem. Cálc. - P.O'!J179 -> 2177.29 | G44: M3XKM | H44: 1.7 | I44: =H44*1.3038 -> 2.22 | J44: =F44*I44 -> 4833.58
A45: 6.4 | B45: 100576 | C45: SINAPI (ABR/2022) | D45: 12 | E45: Regularização e compactação de subleito de solo predominantemente argiloso | F45: ='Mem. Cálc. - P.O'!J240 -> 2017.4 | G45: M2 | H45: 2.06 | I45: =H45*1.3038 -> 2.69 | J45: =F45*I45 -> 5426.81
A46: 6.5 | B46: DEM-MFC-005 | C46: SETOP (ABR/2022) | D46: 12 | E46: Remoção de meio-fio pré-moldado de concreto, inclusive carga | F46: ='Mem. Cálc. - P.O'!J244 -> 12 | G46: M | H46: 9.21 | I46: =H46*1.3038 -> 12.01 | J46: =F46*I46 -> 144.12
A47: 6.6 | B47: 94274 | C47: SINAPI (ABR/2022) | D47: 8 | E47: Meio-fio em concreto pré-fabricado Fck ≥ 15MPa, dimensões 80x13x10x35 cm (comprimento x face inferior x face superior x altura), para vias urbanas, inclusive escavação e reaterro | F47: ='Mem. Cálc. - P.O'!J192 -> 73.63 | G47: M | H47: 60.57 | I47: =H47*1.3038 -> 78.97 | J47: =F47*I47 -> 5814.56
A48: 6.7 | B48: 92407 | C48: SINAPI (ABR/2022) | D48: 12 | E48: Pavimentação de via em piso de concreto pré-moldado intertravado sobre camada de assentamento em pó de pedra, espessura de 6 cm, incluindo fornecimento e transporte de todos os materiais | F48: ='Mem. Cálc. - P.O'!J248 -> 2017.4 | G48: M2 | H48: 84.54 | I48: =H48*1.3038 -> 110.22 | J48: =F48*I48 -> 222357.83
A49: 6.8 | B49: 94288 | C49: SINAPI (ABR/2022) | D49: 9 | E49: Sarjeta em concreto usinado, Fck ≥ 35 MPa, 30cm de base x 10cm de altura, incluindo formas e compactação do terreno | F49: ='Mem. Cálc. - P.O'!J197 -> 580.15 | G49: M | H49: 49.63 | I49: =H49*1.3038 -> 64.71 | J49: =F49*I49 -> 37541.51
A50: 6.9 | B50: 102501 | C50: SINAPI (ABR/2022) | D50: 10 | E50: Sinalização horizontal, pintura de faixa de pedestre ou zebrado de preenchimento com tinta acrílica, aplicação manual | F50: ='Mem. Cálc. - P.O'!J211 -> 57.55 | G50: M2 | H50: 18.95 | I50: =H50*1.3038 -> 24.71 | J50: =F50*I50 -> 1422.06
A51: ="SUB-TOTAL (Item "&A9&"):" -> SUB-TOTAL (Item Item): | J51: =SUM(J42:J50) -> 312804.62
A52: TOTAL | J52: =J13+J20+J23+J27+J40+J51 -> 496564.15
A53: Instruções:
A54: 1) Os preços unitários da planilha são referenciais, limites máximos permitidos e correspondem ao custo total de cada serviço. Foram utilizados preços de referência com desoneração, conforme Lei 13.161/2015.
A55: 2) Estão incluídos nos custos de cada item: Fornecimento e transporte de todos os materiais e equipamentos + mão de obra + encargos sociais + encargos complementares. No preço unitário estão incluidos todos os componentes necessários para execução de cada serviço, mesmo aqueles que embora não citados sejam indispensáveis para o seu desenvolvimento.
A56: 3) Os Encargos complementares são custos associados à mão de obra - alimentação, transporte, equipamentos de proteção individual, ferramentas e outros.
A57: 4) O BDI adotado foi de 30,38%, com desoneração, conforme Acórdão nº 2622/2013 e Lei 13.161 de 31/08/15. Os percentuais adotados para o cálculo do BDI estão detalhados em planilha anexa. Conforme legislação tributária Municipal, a base de cálculo do ISS corresponde a 90,00% do valor deste tipo de obra e, sobre esta base, incide ISS com alíquota de 5,00%.
A58: 5) A Contribuição Previdenciária sobre a Receita Bruta (CPRB) - Lei 13.161/2015, desonera a folha de salários de diversas atividades econômicas da construção civil e impacta no cálculo do BDI mediante a majoração do percentual correspondente à 4,5% sobre o preço total da obra, em substituição à contribuição previdenciária patronal de 20% prevista nos encargos sociais.
A59: 6) Os serviços deverão ser executados rigorosamente conforme Planilha Orçamentária, Especificação Técnica e Projetos.
A60: 7) Caso a Fiscalização Municipal entenda como inviável a execução de algum item previsto nesta planilha, a Prefeitura Municipal reserva-se o direito de realizar supressão total ou parcial do(s) mesmo(s), de acordo com os limites estabelecidos pela Lei nº 8.666/93.
A61: 8) Os LICITANTES deverão apresentar composição do BDI utilizado em sua proposta comercial, detalhando cada percentual separadamente (Administração central, seguros, riscos, garantias, despesas financeiras, lucro/remuneração, impostos). O percentual de ISS deverá seguir a legislação Municipal. A CONTRATANTE realizará retenção do ISS conforme alíquota adotada na composição da empresa vencedora do processo licitatório.

Sheet Plan. Orçamentária
A1: PREFEITURA MUNICIPAL Secretaria de Obras e Serviços Urbanos | R1: 1
R2: 2
R3: 3
A4: ANEXO IX - OBRA POR EXECUÇÃO INDIRETA | R4: 4
A5: Setor requisitante: Secretaria Municipal de Obras e Serviços Urbanos | R5: 5
A6: Objeto: | C6: Pavimentação de via em piso de concreto pré-moldado intertravado, tipo Pavi-s - Rua Artur de Araújo, bairro São José - Nova Era/MG Convênio SICONV Nº 920268/2021, Operação Nº 1079841-34 | H6: BDI: | I6: =BDI!J28 -> 0.3038 | J6: 30//08/2022 | R6: 6
R7: 7
A8: PLANILHA ORÇAMENTÁRIA | R8: 8
A9: Item | B9: Preço Referência | C9: Fonte | D9: Evento | E9: Descrição | F9: Qtde. | G9: Unidade | H9: Preço unitário sem BDI | I9: Preço unitário com BDI | J9: P. Total | R9: 9
A10: 1 | B10: - | C10: - | E10: MOBILIZAÇÃO E DESMOBILIZAÇÃO | R10: 11
A11: =$A$10&"."&R1 -> 1.1 | B11: MOB-DES-020 | C11: SETOP (ABR/2022) | D11: 1 | E11: Mobilização de obra - para obras com o valor até R$1.000.000,00 a 0,5% do custo direto da obra | F11: ='Mem. Cálc. - P.O'!J18 -> 0.7 | G11: VB | I11: =H11+H11*I6 -> 0 | J11: =F11*I11 -> 0 | R11: 12
A12: =$A$10&"."&R2 -> 1.2 | B12: MOB-DES-020 | C12: SETOP (ABR/2022) | D12: 2 | E12: Desmobilização de obra - para obras com o valor até R$1.000.000,00 a 2,0% do custo direto da obra | F12: ='Mem. Cálc. - P.O'!J23 -> 0.3 | G12: VB | I12: =H12+H12*I6 -> 0 | J12: =F12*I12 -> 0
A13: ="TOTAL (Item "&A10&"):" -> TOTAL (Item 1): | J13: =SUM(J11:J12) -> 0 | R13: 13
A14: 2 | E14: CANTEIRO DE OBRAS | R14: 14
A15: =$A$14&"."&R1 -> 2.1 | B15: IIO-PLA-005 | C15: SETOP (ABR/2022) | D15: 11 | E15: Fornecimento e colocação de placa de obra em chapa galvanizada (3,00 x 1,50m) - em chapa galvanizada 0,26 afixadas com rebites 540 e parafusos 3/8, em estrutura metálica viga u 2" enrijecida com metalon 20 x 20, suporte em eucalipto autoclavado pintadas | F15: ='Mem. Cálc. - P.O'!J217 -> 1 | G15: UN | I15: =(H15+(H15*$I$6)) -> 0 | J15: =F15*I15 -> 0 | R15: 15
A16: =$A$14&"."&R2 -> 2.2 | B16: IIO-SAN-005 | C16: SETOP (ABR/2022) | D16: 11 | E16: Locação de banheiro químico, dimensão (110x120x230)cm, linha padrão, contendo uma (1) pia/higienizador de mãos, inclusive manutenção e mobilização/desmobilização | F16: ='Mem. Cálc. - P.O'!J221 -> 3 | G16: MÊS | I16: =(H16+(H16*$I$6)) -> 0 | J16: =F16*I16 -> 0 | O16: =M16*N16 -> 0
A17: =$A$14&"."&R3 -> 2.3 | B17: ED-16348 | C17: SETOP (ABR/2022) | D17: 11 | E17: Locação de container com isolamento térmico, tipo 1, para escritório de obra/almoxarifado, com medidas referenciais de (6) metros de comprimentos, (2,3) metros de largura, (2,5) metros de altura útil interna, inclusive ar condicionado e ligações elétricas internas | F17: ='Mem. Cálc. - P.O'!J225 -> 3 | G17: MÊS | I17: =(H17+(H17*$I$6)) -> 0 | J17: =F17*I17 -> 0 | O17: =M17*N17 -> 0
A18: =$A$14&"."&R4 -> 2.4 | B18: ED-16356 | C18: SETOP (ABR/2022) | D18: 11 | E18: Ligações provisórias para container tipo 1 (correspondente ao código ED-16348) | F18: ='Mem. Cálc. - P.O'!J229 -> 1 | G18: UN | I18: =(H18+(H18*$I$6)) -> 0 | J18: =F18*I18 -> 0 | O18: =SUM(O16:O17) -> 0
A19: =$A$14&"."&R5 -> 2.5 | B19: IIO-CON-005 | C19: SETOP (ABR/2022) | D19: 11 | E19: Mobilização e desmobilização de container, inclusive instalação e transporte com caminhão guindauto (munck) | F19: ='Mem. Cálc. - P.O'!J234 -> 1 | G19: UN | I19: =(H19+(H19*$I$6)) -> 0 | J19: =F19*I19 -> 0
A20: ="TOTAL (Item "&A14&"):" -> TOTAL (Item 2): | J20: =SUM(J15:J19) -> 0 | R20: 16
A21: 3 | B21: - | E21: ADMINISTRAÇAO LOCAL
A22: 3.1 | B22: COMP 01 | C22: COMPOSIÇÃO | D22: 3 | E22: Administração local da obra | F22: 1 | G22: UN | I22: =(H22+(H22*$I$6)) -> 0 | J22: =F22*I22 -> 0
A23: ="TOTAL (Item "&A21&")" -> TOTAL (Item 3) | J23: =SUM(J22:J22) -> 0
A24: 4 | B24: - | E24: SINALIZAÇÃO
A25: 4.1 | B25: RO-42193 | C25: SETOP (ABR/2022) | D25: 4 | E25: Placa de aço carbono com película refletiva grau técnico tipo I da ABNT, placa retangular (execução, incluindo fornecimento e transporte de todos os materiais, inclusive poste de sustentação) | F25: ='Mem. Cálc. - P.O'!J46 -> 1.76 | G25: M2 | I25: =(H25+(H25*$I$6)) -> 0 | J25: =F25*I25 -> 0
A26: 4.2 | B26: IIO-SIN-015 | C26: SETOP (ABR/2022) | D26: 4 | E26: Cone para sinalização/isolamento de áreas, altura 75 cm, inclusive fornecimento e movimentação | F26: ='Mem. Cálc. - P.O'!J57 -> 46 | G26: UN | I26: =(H26+(H26*$I$6)) -> 0 | J26: =F26*I26 -> 0
A27: ="TOTAL (Item "&A24&")" -> TOTAL (Item 4) | J27: =SUM(J25:J26) -> 0
A28: 5 | E28: DRENAGEM PLUVIAL
A29: 5.1 | B29: 90107 | C29: SINAPI (ABR/2022) | D29: 5 | E29: Escavação mecanizada de vala, com profundidade até 3,00m, largura menor 0,8m em solos de 1ª categoria | F29: ='Mem. Cálc. - P.O'!J75 -> 134.36 | G29: M3 | I29: =H29*1.3038 -> 0 | J29: =F29*I29 -> 0
A30: 5.2 | B30: 90108 | C30: SINAPI (ABR/2022) | D30: 5 | E30: Escavação mecanizada de vala, com profundidade até 3,00m, largura de 0,8m a 1,5m, em solos de 1ª categoria | F30: ='Mem. Cálc. - P.O'!J79 -> 232.34 | G30: M3 | I30: =H30*1.3038 -> 0 | J30: =F30*I30 -> 0
A31: 5.3 | B31: 101616 | C31: SINAPI (ABR/2022) | D31: 5 | E31: Preparo do fundo de vala com largura menor que 1,5 m | F31: ='Mem. Cálc. - P.O'!J97 -> 196.96 | G31: M2 | I31: =H31*1.3038 -> 0 | J31: =F31*I31 -> 0
A32: 5.4 | B32: 92210 | C32: SINAPI (MAR/2022) | D32: 5 | E32: Tubo de concreto armado PA1, DN 400mm, junta rígida tipo ponta e bolsa, incluindo fornecimento, assentamento e rejuntamento | F32: ='Mem. Cálc. - P.O'!J114 -> 125.53 | G32: M | I32: =H32*1.3038 -> 0 | J32: =F32*I32 -> 0
A33: 5.5 | B33: 92212 | C33: SINAPI (ABR/2022) | D33: 5 | E33: Tubo de concreto armado PA1, DN 600mm, junta rígida tipo ponta e bolsa, incluindo fornecimento, assentamento e rejuntamento | F33: ='Mem. Cálc. - P.O'!J118 -> 121.2 | G33: M | I33: =H33*1.3038 -> 0 | J33: =F33*I33 -> 0
A34: 5.6 | B34: 96620 | C34: SINAPI (ABR/2022) | D34: 5 | E34: Berço em concreto não estrutural, preparado em obra com betoneira, Fck ≥ 15MPa, inclusive lançamento, adensamento e acabamento | F34: ='Mem. Cálc. - P.O'!J122 -> 11.64 | G34: M3 | I34: =H34*1.3038 -> 0 | J34: =F34*I34 -> 0
A35: 5.7 | B35: 93382 | C35: SINAPI (ABR/2022) | D35: 6 | E35: Reaterro de vala com compactação mecânica através de placa vibratória | F35: ='Mem. Cálc. - P.O'!J143 -> 297.65 | G35: M3 | I35: =H35*1.3038 -> 0 | J35: =F35*I35 -> 0
A36: 5.8 | B36: DRE-BOC-005 | C36: SETOP (ABR/2022) | D36: 6 | E36: Boca de lobo simples, dimensões internas de 85x28x100cm (comp. x larg. x alt.) em alvenaria de blocos de concreto, cheios em concreto Fck ≥ 20MPa, sobre lastro de concreto 10cm, incluindo escavação e reaterro compactado, conforme projeto. Inclusive reboco para alvenaria interna, grelha GR 95 ferro fundido, cantoneira e bota fora (Tipo A - ferro fundido) | F36: ='Mem. Cálc. - P.O'!J148 -> 13 | G36: U | I36: =H36*1.3038 -> 0 | J36: =F36*I36 -> 0
A37: 5.9 | B37: 99252 | C37: SINAPI (ABR/2022) | D37: 6 | E37: Base para caixa de passagem retangular para drenagem, em alvenaria com blocos de concreto, dimensões internas 1m x 1m, profundiade de 1,45 metros, exclui tampão | F37: ='Mem. Cálc. - P.O'!J153 -> 5 | G37: UN | I37: =H37*1.3038 -> 0 | J37: =F37*I37 -> 0
A38: 5.10 | B38: 99254 | C38: SINAPI (ABR/2022) | D38: 6 | E38: Acréscimo para poço de visita retangular para drenagem, em alvenaria com blocos de concreto, dimensões internas de 1x1 metros. | F38: ='Mem. Cálc. - P.O'!J161 -> 1.83 | G38: M | I38: =H38*1.3038 -> 0 | J38: =F38*I38 -> 0
A39: 5.11 | B39: COMP 002 | C39: COMPOSIÇÃO | D39: 6 | E39: Tampa de concreto armado para caixa de inspeção em alvenaria e=15 cm | F39: ='Mem. Cálc. - P.O'!J166 -> 9.8 | G39: M2 | I39: =H39*1.3038 -> 0 | J39: =F39*I39 -> 0
A40: ="TOTAL (Item "&A28&"):" -> TOTAL (Item 5): | J40: =SUM(J29:J39) -> 0
A41: 6 | E41: PAVIMENTAÇÃO
A42: 6.1 | B42: DEM-PIS-060 | C42: SETOP (ABR/2022) | D42: 7 | E42: Demolição manual de pavimento poliédrica, inclusive afastamento | F42: ='Mem. Cálc. - P.O'!J171 -> 2017.4 | G42: M2 | I42: =H42*1.3038 -> 0 | J42: =F42*I42 -> 0
A43: 6.2 | B43: TRA-CAR-010 | C43: SETOP (ABR/2022) | D43: 7 | E43: Carga de material de qualquer natureza sobre caminhão basculante, de forma mecanizada | F43: ='Mem. Cálc. - P.O'!J175 -> 403.48 | G43: M3 | I43: =H43*1.3038 -> 0 | J43: =F43*I43 -> 0
A44: 6.3 | B44: 97918 | C44: SINAPI (ABR/2022) | D44: 7 | E44: Transporte em caminhão basculante de 6m³, em via urbana pavimentada, DMT até 30km | F44: ='Mem. Cálc. - P.O'!J179 -> 2177.29 | G44: M3XKM | I44: =H44*1.3038 -> 0 | J44: =F44*I44 -> 0
A45: 6.4 | B45: 100576 | C45: SINAPI (ABR/2022) | D45: 12 | E45: Regularização e compactação de subleito de solo predominantemente argiloso | F45: ='Mem. Cálc. - P.O'!J240 -> 2017.4 | G45: M2 | I45: =H45*1.3038 -> 0 | J45: =F45*I45 -> 0
A46: 6.5 | B46: DEM-MFC-005 | C46: SETOP (ABR/2022) | D46: 12 | E46: Remoção de meio-fio pré-moldado de concreto, inclusive carga | F46: ='Mem. Cálc. - P.O'!J244 -> 12 | G46: M | I46: =H46*1.3038 -> 0 | J46: =F46*I46 -> 0
A47: 6.6 | B47: 94274 | C47: SINAPI (ABR/2022) | D47: 8 | E47: Meio-fio em concreto pré-fabricado Fck ≥ 15MPa, dimensões 80x13x10x35 cm (comprimento x face inferior x face superior x altura), para vias urbanas, inclusive escavação e reaterro | F47: ='Mem. Cálc. - P.O'!J192 -> 73.63 | G47: M | I47: =H47*1.3038 -> 0 | J47: =F47*I47 -> 0
A48: 6.7 | B48: 92407 | C48: SINAPI (ABR/2022) | D48: 12 | E48: Pavimentação de via em piso de concreto pré-moldado intertravado sobre camada de assentamento em pó de pedra, espessura de 6 cm, incluindo fornecimento e transporte de todos os materiais | F48: ='Mem. Cálc. - P.O'!J248 -> 2017.4 | G48: M2 | I48: =H48*1.3038 -> 0 | J48: =F48*I48 -> 0
A49: 6.8 | B49: 94288 | C49: SINAPI (ABR/2022) | D49: 9 | E49: Sarjeta em concreto usinado, Fck ≥ 35 MPa, 30cm de base x 10cm de altura, incluindo formas e compactação do terreno | F49: ='Mem. Cálc. - P.O'!J197 -> 580.15 | G49: M | I49: =H49*1.3038 -> 0 | J49: =F49*I49 -> 0
A50: 6.9 | B50: 102501 | C50: SINAPI (ABR/2022) | D50: 10 | E50: Sinalização horizontal, pintura de faixa de pedestre ou zebrado de preenchimento com tinta acrílica, aplicação manual | F50: ='Mem. Cálc. - P.O'!J211 -> 57.55 | G50: M2 | I50: =H50*1.3038 -> 0 | J50: =F50*I50 -> 0
A51: ="SUB-TOTAL (Item "&A9&"):" -> SUB-TOTAL (Item Item): | J51: =SUM(J42:J50) -> 0
A52: TOTAL | J52: =J13+J20+J23+J27+J40+J51 -> 0
A53: Instruções:
A54: 1) Os preços unitários da planilha são referenciais, limites máximos permitidos e correspondem ao custo total de cada serviço. Foram utilizados preços de referência com desoneração, conforme Lei 13.161/2015.
A55: 2) Estão incluídos nos custos de cada item: Fornecimento e transporte de todos os materiais e equipamentos + mão de obra + encargos sociais + encargos complementares. No preço unitário estão incluidos todos os componentes necessários para execução de cada serviço, mesmo aqueles que embora não citados sejam indispensáveis para o seu desenvolvimento.
A56: 3) Os Encargos complementares são custos associados à mão de obra - alimentação, transporte, equipamentos de proteção individual, ferramentas e outros.
A57: 4) O BDI adotado foi de 30,38%, com desoneração, conforme Acórdão nº 2622/2013 e Lei 13.161 de 31/08/15. Os percentuais adotados para o cálculo do BDI estão detalhados em planilha anexa. Conforme legislação tributária Municipal, a base de cálculo do ISS corresponde a 90,00% do valor deste tipo de obra e, sobre esta base, incide ISS com alíquota de 5,00%.
A58: 5) A Contribuição Previdenciária sobre a Receita Bruta (CPRB) - Lei 13.161/2015, desonera a folha de salários de diversas atividades econômicas da construção civil e impacta no cálculo do BDI mediante a majoração do percentual correspondente à 4,5% sobre o preço total da obra, em substituição à contribuição previdenciária patronal de 20% prevista nos encargos sociais.
A59: 6) Os serviços deverão ser executados rigorosamente conforme Planilha Orçamentária, Especificação Técnica e Projetos.
A60: 7) Caso a Fiscalização Municipal entenda como inviável a execução de algum item previsto nesta planilha, a Prefeitura Municipal reserva-se o direito de realizar supressão total ou parcial do(s) mesmo(s), de acordo com os limites estabelecidos pela Lei nº 8.666/93.
A61: 8) Os LICITANTES deverão apresentar composição do BDI utilizado em sua proposta comercial, detalhando cada percentual separadamente (Administração central, seguros, riscos, garantias, despesas financeiras, lucro/remuneração, impostos). O percentual de ISS deverá seguir a legislação Municipal. A CONTRATANTE realizará retenção do ISS conforme alíquota adotada na composição da empresa vencedora do processo licitatório.

Sheet Mem. Cálc. - P.O
A1: PREFEITURA MUNICIPAL Secretaria de Obras e Serviços Urbanos
A4: ='Plan. Orçamentária'!A4:J4 -> ANEXO IX - OBRA POR EXECUÇÃO INDIRETA
A5: ='Plan. Orçamentária'!A5 -> Setor requisitante: Secretaria Municipal de Obras e Serviços Urbanos
A6: ='Plan. Orçamentária'!A6 -> Objeto: | B6: ='Plan. Orçamentária'!C6 -> Pavimentação de via em piso de concreto pré-moldado intertravado, tipo Pavi-s - Rua Artur de Araújo, bairro São José - Nova Era/MG Convênio SICONV Nº 920268/2021, Operação Nº 1079841-34 | H6: ='Plan. Orçamentária'!H6 -> BDI: | I6: ='Plan. Orçamentária'!I6 -> 0.3038 | J6: ='Plan. Orçamentária'!J6 -> 30//08/2022
A8: MEMÓRIA DE CÁLCULO
A9: ='Plan. Orçamentária'!A10 -> 1 | B9: ='Plan. Orçamentária'!E10 -> MOBILIZAÇÃO E DESMOBILIZAÇÃO
A10: Detalhe | D10: Custo direto da obra (com BDI) | F10: Custo direto da obra (sem BDI) | H10: Mobilização - para obras com o valor até R$1.000.000,00 a 2,0% do custo direto da obra (70% DO VALOR)
A13: 0.5 | D13: ='Plan. Orçamentária'!J20+'Plan. Orçamentária'!J23+'Plan. Orçamentária'!J27+'Plan. Orçamentária'!J40+'Plan. Orçamentária'!J51 -> 0 | F13: =D13/1.3038 -> 0 | H13: =(F13*A13)/100 -> 0
A14: 1º EVENTO - MOBILIZAÇÃO
A15: ='Plan. Orçamentária'!A11 -> 1.1 | B15: Mobilização de obra - para obras com o valor até R$1.000.000,00 a 2,0% do custo direto da obra
A16: Detalhe | D16: Extensão | E16: Largura | F16: Altura | G16: Quantidade | H16: Lados | I16: Área | J16: Total
A17: Mobilização | G17: 0.7 | J17: =((PRODUCT(D17:H17))-I17) -> 0.7
A18: ="TOTAL - "&'Plan. Orçamentária'!G11 -> TOTAL - VB | J18: =SUM(J17:J17) -> 0.7
A19: 2º EVENTO - DESMOBILIZAÇÃO
A20: 1.2 | B20: Desmobilização de obra - para obras com o valor até R$1.000.000,00 a 2,0% do custo direto da obra
A21: Detalhe | D21: Extensão | E21: Largura | F21: Altura | G21: Quantidade | H21: Lados | I21: Área | J21: Total
A22: Desmobilização | G22: 0.3 | J22: =((PRODUCT(D22:H22))-I22) -> 0.3
A23: ="TOTAL - "&'Plan. Orçamentária'!G11 -> TOTAL - VB | J23: =SUM(J22) -> 0.3
A24: 3º EVENTO - ADMINISTRAÇÃO LOCAL
A25: ='Plan. Orçamentária'!A22 -> 3.1 | B25: ='Plan. Orçamentária'!E22 -> Administração local da obra
A26: Engenheiro Civil de obras Junior com encargos complementares
A27: Detalhe | D27: Extensão | E27: Largura | F27: Quantidade (horas/dia) | G27: Quantidade (dia/mês) | H27: Quantidade (mês) | I27: Dedução | J27: Total
A28: 01 (um) responsavel tecnico durante o perído de execução da obra | F28: 1 | G28: 22 | H28: 3 | J28: =((PRODUCT(D28:H28))-I28) -> 66
A29: ="TOTAL - " & "H" -> TOTAL - H | J29: =SUM(J28) -> 66
A30: Encarregado geral com encargos complementares
A31: Detalhe | D31: Extensão | E31: Largura | F31: Quantidade (horas/dia) | G31: Quantidade (dia/mês) | H31: Quantidade (mês) | I31: Dedução | J31: Total
A32: 01 (um) encarregado durante o perído de execução da obra | F32: 3 | G32: 22 | H32: 3 | J32: =((PRODUCT(D32:H32))-I32) -> 198
A33: ="TOTAL - " & "H" -> TOTAL - H | J33: =SUM(J32) -> 198
A34: Topógrafo com encargos complementares
A35: Detalhe | D35: Extensão | E35: Largura | F35: Quantidade (horas/dia) | G35: Quantidade (dia/mês) | H35: Quantidade (mês) | I35: Dedução | J35: Total
A36: 01 (um) topógrafo durante o perído de execução da obra | F36: 0.5 | G36: 22 | H36: 3 | J36: =((PRODUCT(D36:H36))-I36) -> 33
A37: ="TOTAL - " & "H" -> TOTAL - H | J37: =SUM(J36) -> 33
A38: Auxiliar de topógrafo com encargos complementares
A39: Detalhe | D39: Extensão | E39: Largura | F39: Quantidade (horas/dia) | G39: Quantidade (dia/mês) | H39: Quantidade (mês) | I39: Dedução | J39: Total
A40: 01 (um) auxiliar de topografia durante o perído de execução da obra | F40: 0.5 | G40: 22 | H40: 3 | J40: =((PRODUCT(D40:H40))-I40) -> 33
A41: ="TOTAL - " & "H" -> TOTAL - H | J41: =SUM(J40) -> 33
A42: 4º EVENTO - SINALIZAÇÃO
A43: ='Plan. Orçamentária'!A25 -> 4.1 | B43: ='Plan. Orçamentária'!E25 -> Placa de aço carbono com película refletiva grau técnico tipo I da ABNT, placa retangular (execução, incluindo fornecimento e transporte de todos os materiais, inclusive poste de sustentação)
A44: Detalhe | D44: Extensão | E44: Largura | F44: Altura | G44: Quantidade | H44: Mês | I44: Área | J44: Total
A45: Placa de sinalização de advertência de obras em ambos os lados da Rua Artur de Araújo | E45: 0.4 | F45: 1.1 | G45: 4 | J45: =((PRODUCT(D45:H45))-I45) -> 1.76
A46: ="TOTAL - "&'Plan. Orçamentária'!G25 -> TOTAL - M2 | J46: =SUM(J45) -> 1.76
A47: ='Plan. Orçamentária'!A26 -> 4.2 | B47: ='Plan. Orçamentária'!E26 -> Cone para sinalização/isolamento de áreas, altura 75 cm, inclusive fornecimento e movimentação
A48: Detalhe | D48: Extensão | E48: Largura | F48: Altura | G48: Quantidade | H48: Mês | I48: Área | J48: Total
A49: Rua José Mariano Pereira em ambos os lados | G49: 5 | J49: =PRODUCT(G49:H49)-I49 -> 5
G50: 10 | J50: =PRODUCT(G50:H50)-I50 -> 10
A51: Rua Ilídio Clementino Costa | G51: 5 | J51: =PRODUCT(G51:H51)-I51 -> 5
A52: Rua Júlia Augusta Pereira | G52: 4 | J52: =PRODUCT(G52:H52)-I52 -> 4
G53: 4 | J53: =PRODUCT(G53:H53)-I53 -> 4
A54: Rua Julieta de Araújo | G54: 5 | J54: =PRODUCT(G54:H54)-I54 -> 5
A55: Rua Astolpho de Araújo | G55: 5 | J55: =PRODUCT(G55:H55)-I55 -> 5
A56: Rua Artur de Araújo com Rua Olinto de Araújo | G56: 8 | J56: =PRODUCT(G56:H56)-I56 -> 8
A57: ="TOTAL - "&'Plan. Orçamentária'!G26 -> TOTAL - UN | J57: =SUM(J49:J56) -> 46
A58: 5º EVENTO - EXECUÇÃO DE REDE E RAMAL DE DRENAGEM PLUVIAL
A59: ='Plan. Orçamentária'!A29 -> 5.1 | B59: ='Plan. Orçamentária'!E29 -> Escavação mecanizada de vala, com profundidade até 3,00m, largura menor 0,8m em solos de 1ª categoria
A60: Detalhe | D60: Extensão | E60: Largura | F60: Altura | G60: Volume | H60: Área | I60: Dedução | J60: Total
A61: 1º Trecho: Rede principal Ø400mm | D61: =58.08+5.6 -> 63.68 | E61: 0.7 | F61: 1.8 | J61: =PRODUCT(D61:H61)-I61 -> 80.24
A62: 1º Trecho: Ramal BL01>CP5 | D62: 6.62 | E62: 0.7 | F62: =AVERAGE(1.5,1) -> 1.25 | J62: =PRODUCT(D62:H62)-I62 -> 5.79
A63: 1º Trecho: Ramal BL02>CP5 | D63: 3.93 | E63: 0.7 | F63: =AVERAGE(1.5,1) -> 1.25 | J63: =PRODUCT(D63:H63)-I63 -> 3.44
A64: 1º Trecho: Ramal BL03>CP5 | D64: 4.08 | E64: 0.7 | F64: =AVERAGE(1.5,1) -> 1.25 | J64: =PRODUCT(D64:H64)-I64 -> 3.57
A65: 1º Trecho: Ramal BL04>CP5 | D65: 4.83 | E65: 0.7 | F65: =AVERAGE(1.5,1) -> 1.25 | J65: =PRODUCT(D65:H65)-I65 -> 4.23
A66: 1º Trecho: Ramal BL05>CP4 | D66: 3.14 | E66: 0.7 | F66: =AVERAGE(1.5,1) -> 1.25 | J66: =PRODUCT(D66:H66)-I66 -> 2.75
A67: 2º Trecho: Ramal BL06>CP3 | D67: 6.8 | E67: 0.7 | F67: =AVERAGE(1.5,1) -> 1.25 | J67: =PRODUCT(D67:H67)-I67 -> 5.95
A68: 2º Trecho: Ramal BL07>CP3 | D68: 4.48 | E68: 0.7 | F68: =AVERAGE(1.5,1) -> 1.25 | J68: =PRODUCT(D68:H68)-I68 -> 3.92
A69: 2º Trecho: Ramal BL08>CP3 | D69: 4.03 | E69: 0.7 | F69: =AVERAGE(1.5,1) -> 1.25 | J69: =PRODUCT(D69:H69)-I69 -> 3.53
A70: 2º Trecho: Ramal BL09>CP3 | D70: 4.78 | E70: 0.7 | F70: =AVERAGE(1.5,1) -> 1.25 | J70: =PRODUCT(D70:H70)-I70 -> 4.18
A71: 2º Trecho: Ramal BL10>CP2 | D71: 6.45 | E71: 0.7 | F71: =AVERAGE(1.5,1) -> 1.25 | J71: =PRODUCT(D71:H71)-I71 -> 5.64
A72: 2º Trecho: Ramal BL11>CP2 | D72: 3.76 | E72: 0.7 | F72: =AVERAGE(1.5,1) -> 1.25 | J72: =PRODUCT(D72:H72)-I72 -> 3.29
A73: 2º Trecho: Ramal BL12>CP2 | D73: 4.06 | E73: 0.7 | F73: =AVERAGE(1.5,1) -> 1.25 | J73: =PRODUCT(D73:H73)-I73 -> 3.55
A74: 2º Trecho: Ramal BL13>CP2 | D74: 4.89 | E74: 0.7 | F74: =AVERAGE(1.5,1) -> 1.25 | J74: =PRODUCT(D74:H74)-I74 -> 4.28
A75: ="TOTAL - "&'Plan. Orçamentária'!G29 -> TOTAL - M3 | J75: =SUM(J61:J74) -> 134.36 | Q75: 139.77
A76: ='Plan. Orçamentária'!A30 -> 5.2 | B76: ='Plan. Orçamentária'!E30 -> Escavação mecanizada de vala, com profundidade até 3,00m, largura de 0,8m a 1,5m, em solos de 1ª categoria
A77: Detalhe | D77: Extensão | E77: Largura | F77: Altura | G77: Volume | H77: Área | I77: Dedução | J77: Total
A78: 2º Trecho: Rede principal Ø600mm | D78: =58.8369+56.1529+6.2067 -> 121.2 | E78: 0.9 | F78: 2.13 | J78: =PRODUCT(D78:H78)-I78 -> 232.34
A79: ="TOTAL - "&'Plan. Orçamentária'!G29 -> TOTAL - M3 | J79: =SUM(J78) -> 232.34 | Q79: 232.34
A80: ='Plan. Orçamentária'!A31 -> 5.3 | B80: ='Plan. Orçamentária'!E31 -> Preparo do fundo de vala com largura menor que 1,5 m
A81: Detalhe | D81: Extensão | E81: Largura | F81: Altura | G81: Quantidade | H81: Área | I81: Dedução | J81: Total
A82: 1º Trecho: Rede principal Ø400mm | D82: =58.08+5.6 -> 63.68 | E82: 0.7 | J82: =PRODUCT(D82:H82)-I82 -> 44.58
A83: 1º Trecho: Ramal Ø400mm BL01>CP5 | D83: 6.62 | E83: 0.7 | J83: =PRODUCT(D83:H83)-I83 -> 4.63
A84: 1º Trecho: Ramal Ø400mm BL02>CP5 | D84: 3.93 | E84: 0.7 | J84: =PRODUCT(D84:H84)-I84 -> 2.75
A85: 1º Trecho: Ramal Ø400mm BL03>CP5 | D85: 4.08 | E85: 0.7 | J85: =PRODUCT(D85:H85)-I85 -> 2.86
A86: 1º Trecho: Ramal Ø400mm BL04>CP5 | D86: 4.83 | E86: 0.7 | J86: =PRODUCT(D86:H86)-I86 -> 3.38
A87: 1º Trecho: Ramal Ø400mm BL05>CP4 | D87: 3.14 | E87: 0.7 | J87: =PRODUCT(D87:H87)-I87 -> 2.2
A88: 2º Trecho: Ramal Ø400mm BL06>CP3 | D88: 6.8 | E88: 0.7 | J88: =PRODUCT(D88:H88)-I88 -> 4.76
A89: 2º Trecho: Ramal Ø400mm BL07>CP3 | D89: 4.48 | E89: 0.7 | J89: =PRODUCT(D89:H89)-I89 -> 3.14
A90: 2º Trecho: Ramal Ø400mm BL08>CP3 | D90: 4.03 | E90: 0.7 | J90: =PRODUCT(D90:H90)-I90 -> 2.82
A91: 2º Trecho: Ramal Ø400mm BL09>CP3 | D91: 4.78 | E91: 0.7 | J91: =PRODUCT(D91:H91)-I91 -> 3.35
A92: 2º Trecho: Ramal Ø400mm BL10>CP2 | D92: 6.45 | E92: 0.7 | J92: =PRODUCT(D92:H92)-I92 -> 4.52
A93: 2º Trecho: Ramal Ø400mm BL11>CP2 | D93: 3.76 | E93: 0.7 | J93: =PRODUCT(D93:H93)-I93 -> 2.63
A94: 2º Trecho: Ramal Ø400mm BL12>CP2 | D94: 4.06 | E94: 0.7 | J94: =PRODUCT(D94:H94)-I94 -> 2.84
A95: 2º Trecho: Ramal Ø400mm BL13>CP2 | D95: 4.89 | E95: 0.7 | J95: =PRODUCT(D95:H95)-I95 -> 3.42
A96: 2º Trecho: Rede principal Ø600mm | D96: =58.8369+56.1529+6.2067 -> 121.2 | E96: 0.9 | J96: =PRODUCT(D96:H96)-I96 -> 109.08
A97: ="TOTAL - "&'Plan. Orçamentária'!G31 -> TOTAL - M2 | J97: =SUM(J82:J96) -> 196.96
A98: ='Plan. Orçamentária'!A32 -> 5.4 | B98: ='Plan. Orçamentária'!E32 -> Tubo de concreto armado PA1, DN 400mm, junta rígida tipo ponta e bolsa, incluindo fornecimento, assentamento e rejuntamento
A99: Detalhe | D99: Extensão | E99: Largura | F99: Altura | G99: Quantidade | H99: Área | I99: Dedução | J99: Total
A100: 1º Trecho: Rede principal Ø400mm | D100: =58.08+5.6 -> 63.68 | J100: =PRODUCT(D100:H100)-I100 -> 63.68
A101: 1º Trecho: Ramal Ø400mm BL01>CP5 | D101: 6.62 | J101: =PRODUCT(D101:H101)-I101 -> 6.62
A102: 1º Trecho: Ramal Ø400mm BL02>CP5 | D102: 3.93 | J102: =PRODUCT(D102:H102)-I102 -> 3.93
A103: 1º Trecho: Ramal Ø400mm BL03>CP5 | D103: 4.08 | J103: =PRODUCT(D103:H103)-I103 -> 4.08
A104: 1º Trecho: Ramal Ø400mm BL04>CP5 | D104: 4.83 | J104: =PRODUCT(D104:H104)-I104 -> 4.83
A105: 1º Trecho: Ramal Ø400mm BL05>CP4 | D105: 3.14 | J105: =PRODUCT(D105:H105)-I105 -> 3.14
...

Sheet C.P.U.
A1: PREFEITURA MUNICIPAL Secretaria de Obras e Serviços Urbanos
A4: ='Plan. Orçamentária'!A4:J4 -> ANEXO IX - OBRA POR EXECUÇÃO INDIRETA
A5: ='Plan. Orçamentária'!A5:J5 -> Setor requisitante: Secretaria Municipal de Obras e Serviços Urbanos
A6: ='Plan. Orçamentária'!A6:B7 -> Objeto: | B6: ='Plan. Orçamentária'!C6 -> Pavimentação de via em piso de concreto pré-moldado intertravado, tipo Pavi-s - Rua Artur de Araújo, bairro São José - Nova Era/MG Convênio SICONV Nº 920268/2021, Operação Nº 1079841-34 | E6: ='Plan. Orçamentária'!H6:H7 -> BDI: | F6: ='Plan. Orçamentária'!I6:I7 -> 0.3038 | G6: ='Plan. Orçamentária'!J6:J7 -> 30//08/2022
A8: COMPOSIÇÃO DE CUSTOS UNITÁRIOS
A9: 1 | B9: ='Mem. Cálc. - P.O'!B25:J25 -> Administração local da obra
A10: Item | B10: Referência custo unitário | C10: Fonte custo unitário | D10: Descrição do insumo / serviço | E10: Unidade | F10: Coeficiente | G10: Custo unitário (R$) | H10: Custo total (R$)
A11: 1.1 | B11: 90777 | C11: SINAPI (ABR/2022) | D11: ='Mem. Cálc. - P.O'!A26 -> Engenheiro Civil de obras Junior com encargos complementares | E11: H | F11: ='Mem. Cálc. - P.O'!J29 -> 66 | G11: 87.35 | H11: =F11*G11 -> 5765.1
A12: 1.2 | B12: 90776 | C12: SINAPI (ABR/2022) | D12: ='Mem. Cálc. - P.O'!A30 -> Encarregado geral com encargos complementares | E12: H | F12: ='Mem. Cálc. - P.O'!J33 -> 198 | G12: 33.08 | H12: =F12*G12 -> 6549.84
A13: 1.3 | B13: 90781 | C13: SINAPI (ABR/2022) | D13: ='Mem. Cálc. - P.O'!A34 -> Topógrafo com encargos complementares | E13: H | F13: ='Mem. Cálc. - P.O'!J37 -> 33 | G13: 34.74 | H13: =F13*G13 -> 1146.42
A14: 1.4 | B14: 88253 | C14: SINAPI (ABR/2022) | D14: ='Mem. Cálc. - P.O'!A38 -> Auxiliar de topógrafo com encargos complementares | E14: H | F14: ='Mem. Cálc. - P.O'!J41 -> 33 | G14: 16.47 | H14: =F14*G14 -> 543.51
A15: ="TOTAL - "& "UN" -> TOTAL - UN | H15: =SUM(H11:H14) -> 14004.87
A16: 2 | B16: ='Plan. Orçamentária'!E39 -> Tampa de concreto armado para caixa de inspeção em alvenaria e=15 cm
A17: Item | B17: Referência coeficiente | C17: Referência custo unitário | D17: Fonte custo unitário | E17: Unidade | F17: Coeficiente | G17: Custo unitário (R$) | H17: Custo total (R$)
A18: 1.1 | B18: ED-48298 | C18: SETOP (MAR/2022) | D18: Corte, dobra e montagem de aço CA-50/60 | E18: KG | F18: =((1.34*(13*2))*0.617)/(1.4*1.4) -> 10.96749 | G18: 12.45 | H18: =F18*G18 -> 136.55
A19: 1.2 | B19: ED-49811 | C19: SETOP (MAR/2022) | D19: Forma e desforma de compensado resinado, espessura 12 mm, reaproveitamento (3X) (fundação) | E19: M2 | F19: =((1.4*1.4)+((1.4*4)*0.15))/(1.4*1.4) -> 1.4285714 | G19: 57.85 | H19: =F19*G19 -> 82.64
A20: 1.3 | B20: ED-49789 | C20: SETOP (MAR/2022) | D20: Fornecimento de concreto estrutural, preparado em obra com betoneira, com FCK ≥ 35 MPa, inclusive lançamento, adensamento e acabamento | E20: M3 | F20: =(1.4*1.4*0.15)/(1.4*1.4) -> 0.15 | G20: 593.51 | H20: =F20*G20 -> 89.03
A21: ="TOTAL - "& "M2" -> TOTAL - M2 | H21: =SUM(H18:H20) -> 308.22

Sheet BDI
A1: PREFEITURA MUNICIPAL Secretaria de Obras e Serviços Urbanos
A4: ='[1]Planilha orçamentária'!A4:I4 -> OBRA POR EXECUÇÃO INDIRETA
A5: ='[1]Planilha orçamentária'!A5:I5 -> Setor requisitante: Secretaria Municipal de Obras e Serviços Urbanos
A6: ='[1]Planilha orçamentária'!A6:A7 -> Objeto: | B6: ='Plan. Orçamentária'!C6 -> Pavimentação de via em piso de concreto pré-moldado intertravado, tipo Pavi-s - Rua Artur de Araújo, bairro São José - Nova Era/MG Convênio SICONV Nº 920268/2021, Operação Nº 1079841-34 | G6: SICONV | I6: 920268/2021 | J6: ='Plan. Orçamentária'!J6:J7 -> 30//08/2022
G7: OPERAÇÃO | I7: 1079841-34
A8: BDI
A10: Conforme legislação tributária municipal, definir estimativa de percentual da base de cálculo para o ISS: | I10: 0.9
A11: Sobre a base de cálculo, definir a respectiva alíquota do ISS (entre 2% e 5%): | I11: 0.05
A13: BDI 1
A15: TIPO DE OBRA
A16: Contrução e Reforma de Edifícios
A18: Itens | I18: Siglas | J18: % Adotado
A19: Administração Central | I19: AC | J19: 0.0401
A20: Seguro e Garantia | I20: SG | J20: 0.004
A21: Risco | I21: R | J21: 0.0056
A22: Despesas Financeiras | I22: DF | J22: 0.0111
A23: Lucro | I23: L | J23: 0.073
A24: Tributos (impostos COFINS 3%, e PIS 0,65%) | I24: CP | J24: 0.0365
A25: Tributos (ISS, variável de acordo com o município) | I25: ISS | J25: =I11*I10 -> 0.045
A26: Tributos (Contribuição Previdenciária sobre a Receita Bruta - 0% ou 4,5% - Desoneração) | I26: CPRB | J26: 0.045
A27: BDI SEM desoneração (Fórmula Acórdão TCU) | I27: BDI PAD | J27: =(((1+J19+J20+J21)*(1+J22)*(1+J23))/(1-(J24+J25)))-1 -> 0.2399
A28: BDI COM desoneração | I28: BDI DES | J28: =(((1+(J19+J20+J21))*(1+J22)*(1+J23))/(1-(J24+J25+J26)))-1 -> 0.3038
A31: Os valores de BDI foram calculados com o emprego da fórmula:
A37: Declaro para os devidos fins que, conforme legislação tributária municipal, a base de cálculo deste tipo de obra corresponde à 90%, com a respectiva alíquota de 5%.
A41: Declaro para os devidos fins que o regime de Contribuição Previdenciária sobre a Receita Bruta adotado para elaboração do orçamento foi COM Desoneração, e que esta é a alternativa mais adequada para a Administração Pública.
A45: Observações:
A50: Diego de Souza Marriel Baêta Engenheiro Civil – CREA 174943/D-MG

Sheet Cronograma Fis-Fin
A1: PREFEITURA MUNICIPAL Secretaria de Obras e Serviços Urbanos
A4: ANEXO XII - CRONOGRAMA
A5: ='Plan. Orçamentária'!A5:J5 -> Setor requisitante: Secretaria Municipal de Obras e Serviços Urbanos
A6: ='Plan. Orçamentária'!A6:B7 -> Objeto: | B6: ='Plan. Orçamentária'!C6 -> Pavimentação de via em piso de concreto pré-moldado intertravado, tipo Pavi-s - Rua Artur de Araújo, bairro São José - Nova Era/MG Convênio SICONV Nº 920268/2021, Operação Nº 1079841-34 | N6: ='Plan. Orçamentária'!H6:H7 -> BDI: | O6: ='Plan. Orçamentária'!I6:I7 -> 0.3038 | P6: ='Plan. Orçamentária'!J6:J7 -> 30//08/2022
A8: CRONOGRAMA FÍSICO / FINANCEIRO
A9: ITEM | B9: EVENTO | E9: FÍSICO/ FINANCEIRO | F9: TOTAL ETAPAS | G9: MÊS 1 | H9: MÊS 2 | I9: MÊS 3 | J9: MÊS 4 | K9: MÊS 5 | L9: MÊS 6 | M9: MÊS 7 | N9: MÊS 8 | O9: MÊS 9 | P9: MÊS 10
A11: 1 | B11: MOBILIZAÇÃO | E11: Físico % | F11: 1 | G11: =G12/$F12 -> #DIV/0! | H11: 0 | I11: 0
E12: Financeiro | F12: ='Plan. Orçamentária'!J11 -> 0 | G12: 1737.98 | H12: =$F$12*H11 -> 0 | I12: =$F$12*I11 -> 0 | R12: =F12 -> 0 | S12: =SUM(G12:I12) -> 1737.98 | T12: =R12-S12 -> -1737.98
A13: 2 | B13: DESMOBILIZAÇÃO | E13: Físico % | F13: 1 | G13: =G14/$F14 -> #DIV/0! | H13: =H14/$F14 -> #DIV/0! | I13: =I14/$F14 -> #DIV/0!
E14: Financeiro | F14: ='Plan. Orçamentária'!J12 -> 0 | G14: 0 | H14: 0 | I14: 744.85 | R14: =F14 -> 0 | S14: =SUM(G14:I14) -> 744.85 | T14: =R14-S14 -> -744.85
A15: 3 | B15: ADMINISTRAÇÃO LOCAL | E15: Físico % | F15: 1 | G15: =G16/$F16 -> #DIV/0! | H15: =H16/$F16 -> #DIV/0! | I15: =I16/$F16 -> #DIV/0!
E16: Financeiro | F16: ='Plan. Orçamentária'!J23 -> 0 | G16: 0 | H16: 0 | I16: 18259.55 | R16: =F16 -> 0 | S16: =SUM(G16:I16) -> 18259.55 | T16: =R16-S16 -> -18259.55
A17: 4 | B17: SINALIZAÇÃO | E17: Físico % | F17: 1 | G17: =G18/$F18 -> #DIV/0! | H17: 0.3333 | I17: 0.3334
E18: Financeiro | F18: ='Plan. Orçamentária'!J27 -> 0 | G18: 3307.87 | H18: 0 | I18: 0 | R18: =F18 -> 0 | S18: =SUM(G18:I18) -> 3307.87 | T18: =R18-S18 -> -3307.87
A19: 5 | B19: EXECUÇÃO DE REDE E RAMAL DE DRENAGEM PLUVIAL | E19: Físico % | F19: 1 | G19: =G20/$F20 -> #DIV/0! | H19: =H20/$F20 -> #DIV/0! | I19: =I20/$F20 -> #DIV/0!
E20: Financeiro | F20: ='Plan. Orçamentária'!J29+'Plan. Orçamentária'!J30+'Plan. Orçamentária'!J31+'Plan. Orçamentária'!J32+'Plan. Orçamentária'!J33+'Plan. Orçamentária'!J34 -> 0 | G20: 0 | H20: 83275.38 | I20: 0 | R20: =F20 -> 0 | S20: =SUM(G20:I20) -> 83275.38 | T20: =R20-S20 -> -83275.38
A21: 6 | B21: EXECUÇÃO DE DISPOSITIVOS DE DRENAGEM PLUVIAL | E21: Físico % | F21: 1 | G21: =G22/$F22 -> #DIV/0! | H21: =H22/$F22 -> #DIV/0! | I21: =I22/$F22 -> #DIV/0!
E22: Financeiro | F22: ='Plan. Orçamentária'!J35+'Plan. Orçamentária'!J36+'Plan. Orçamentária'!J37+'Plan. Orçamentária'!J38+'Plan. Orçamentária'!J39 -> 0 | G22: 0 | H22: 70205.86 | I22: 0 | R22: =F22 -> 0 | S22: =SUM(G22:I22) -> 70205.86 | T22: =R22-S22 -> -70205.86
A23: 7 | B23: DEMOLIÇÃO E TRANSPORTE | E23: Físico % | F23: 1 | G23: =G24/$F24 -> #DIV/0! | H23: =H24/$F24 -> #DIV/0! | I23: =I24/$F24 -> #DIV/0!
E24: Financeiro | F24: ='Plan. Orçamentária'!J42+'Plan. Orçamentária'!J43+'Plan. Orçamentária'!J44 -> 0 | G24: 40097.73 | H24: 0 | I24: 0 | R24: =F24 -> 0 | S24: =SUM(G24:I24) -> 40097.73 | T24: =R24-S24 -> -40097.73
A25: 8 | B25: MEIO FIO | E25: Físico % | F25: 1 | G25: =G26/$F26 -> #DIV/0! | H25: =H26/$F26 -> #DIV/0! | I25: =I26/$F26 -> #DIV/0!
E26: Financeiro | F26: ='Plan. Orçamentária'!J47 -> 0 | G26: 0 | H26: 5814.56 | I26: 0 | R26: =F26 -> 0 | S26: =SUM(G26:I26) -> 5814.56 | T26: =R26-S26 -> -5814.56
A27: 9 | B27: SARJETA | E27: Físico % | F27: 1 | G27: =G28/$F28 -> #DIV/0! | H27: =H28/$F28 -> #DIV/0! | I27: =I28/$F28 -> #DIV/0!
E28: Financeiro | F28: ='Plan. Orçamentária'!J49 -> 0 | G28: 0 | H28: 0 | I28: 37541.51 | R28: =F28 -> 0 | S28: =SUM(G28:I28) -> 37541.51 | T28: =R28-S28 -> -37541.51
A29: 10 | B29: SINALIZAÇÃO HORIZONTAL | E29: Físico % | F29: 1 | G29: =G30/$F30 -> #DIV/0! | H29: =H30/$F30 -> #DIV/0! | I29: =I30/$F30 -> #DIV/0!
E30: Financeiro | F30: ='Plan. Orçamentária'!J50 -> 0 | G30: 0 | H30: 0 | I30: 1422.06 | R30: =F30 -> 0 | S30: =SUM(G30:I30) -> 1422.06 | T30: =R30-S30 -> -1422.06
A31: 11 | B31: CANTEIRO DE OBRAS | E31: Físico % | F31: 1 | G31: =G32/$F32 -> #DIV/0! | H31: 0 | I31: 0
E32: Financeiro | F32: ='Plan. Orçamentária'!J20 -> 0 | G32: 0 | H32: =$F$32*H31 -> 0 | I32: 8710.87 | R32: =F32 -> 0 | S32: =SUM(G32:I32) -> 8710.87 | T32: =R32-S32 -> -8710.87
A33: 12 | B33: PAVIMENTAÇÃO DE INTERTRAVADO | E33: Físico % | F33: 1 | G33: =G34/$F34 -> #DIV/0! | H33: 1 | I33: 0
E34: Financeiro | F34: ='Plan. Orçamentária'!J45+'Plan. Orçamentária'!J46+'Plan. Orçamentária'!J48 -> 0 | G34: 0 | I34: 227928.76 | R34: =F34 -> 0 | S34: =SUM(G34:I34) -> 227928.76 | T34: =R34-S34 -> -227928.76
A35: TOTAL | E35: Físico % | F35: =G35+H35+I35 -> #DIV/0! | G35: =G36/$F36 -> #DIV/0! | H35: =H36/$F36 -> #DIV/0! | I35: =I36/$F36 -> #DIV/0! | R35: =F35 -> #DIV/0! | S35: =SUM(G35:O35) -> #DIV/0! | T35: =R35-S35 -> #DIV/0!
E36: Financeiro | F36: =F12+F14+F16+F18+F20+F22+F24+F26+F28+F30+F32+F34 -> 0 | G36: =G12+G14+G16+G18+G20+G22+G24+G26+G28+G30+G32+G34 -> 45143.58 | H36: =H12+H14+H16+H18+H20+H22+H24+H26+H28+H30+H32+H34 -> 159295.8 | I36: =I12+I14+I16+I18+I20+I22+I24+I26+I28+I30+I32+I34 -> 294607.6 | R36: =F36 -> 0 | S36: ='Plan. Orçamentária'!J52 -> 0 | T36: =R36-S36 -> 0
